 Dungeon Crawl Stone Soup version 0.18.1-48-g4cf74bf (webtiles) character file.

231 TuxedoFelix the Shield-Bearer (level 6, 0/48 HPs)
             Began as a Human Fighter on July 14, 2016.
             Killed by divine providence
             ... invoked by an orc priest
              (15 damage)
             ... on level 4 of the Dungeon.
             The game lasted 00:18:49 (3236 turns).

TuxedoFelix the Shield-Bearer (Human Fighter)       Turns: 3236, Time: 00:18:49

Health: 0/48       AC: 12    Str: 23    XL:     6   Next: 24%
Magic:  6/6        EV:  6    Int:  8    God:
Gold:   158        SH:  0    Dex: 13    Spells: 0 memorised, 5 levels left

rFire  . . .     SeeInvis .     a - +0 war axe
rCold  . . .     Gourm    .     e - +0 chain mail
rNeg   . . .     Faith    .     c - +0 shield
rPois  .         Spirit   .     o - +0 helmet
rElec  .         Dismiss  .     k - +0 cloak
rCorr  .         Reflect  .     (no gloves)
SustAt .         Harm     .     (no boots)
MR     .....                    (no amulet)
Stlth  ..........               (no ring)
                                (no ring)

@: confused, mighty, not resistant to hostile enchantments, extremely unstealthy
A: molten scales 1, screaming 2
a: no special abilities


You were on level 4 of the Dungeon.
You were not hungry.

You visited 1 branch of the dungeon, and saw 4 of its levels.

You collected 158 gold pieces.

Inventory:

Hand Weapons
 a - a +0 war axe (weapon)
 v - a +1 dagger of speed
Missiles
 u - 2 tomahawks (quivered)
Armour
 c - a +0 shield (worn)
 e - a +0 chain mail (worn)
 k - a +0 cloak (worn)
 o - a +0 helmet (worn)
Scrolls
 b - 3 scrolls of noise
 i - a scroll of teleportation
 p - a scroll of remove curse {unknown}
 t - a scroll of blinking {unknown}
Potions
 h - a potion of mutation
 m - 2 potions of curing {unknown}
 n - 4 potions of flight
 q - a potion of invisibility {unknown}
 s - a potion of experience {unknown}
Comestibles
 f - a bread ration
 g - a slice of pizza
 j - 5 fruits
 r - a meat ration


   Skills:
 + Level 3.8 Fighting
 + Level 3.3 Axes
 + Level 3.9 Armour
 + Level 1.4 Dodging
 + Level 0.4 Stealth
 + Level 4.2 Shields


You had 5 spell levels left.
You didn't know any spells.

Dungeon Overview and Level Annotations

Branches:
Dungeon (4/15)
 Temple: D:4-7

Altars:

Annotations:
D:4 raikaria's ghost, novice VSAs


Innate Abilities, Weirdness & Mutations

You are partially covered in molten scales (AC +1).
You sometimes yell uncontrollably at your foes.


Message History

You hear some strange, mumbled words.
Something tries to affect you, but you resist.
The orc priest invokes the aid of Beogh against you.
Beogh smites you!
* * * LOW HITPOINT WARNING * * *
It was a potion of heal wounds.
You feel much better. Something hits you but does no damage.
The orc priest calls down the wrath of Beogh upon you.
Pain shoots through your body!
You bump into the rock wall.
Something hits you but does no damage. The orc priest hits you with a club.
You barely miss the orc priest.
The orc priest is heavily wounded.
You closely miss something.
You hear some strange, mumbled words.
A magic dart appears from out of thin air!
The magic dart hits you!
The orc priest invokes the aid of Beogh against you.
Beogh smites you!
You die...

............#
#....[..<##.
.........<.(#
######..#)...#
#############
#......#.#..#
#.###..# # .#
#.#....#
##.#.#..# ##
#....#### .#
#####....# .#
#...@{...# .#
#.###o)..# .#
#.#
#.)..#####o# .#
#.#
#..........#
#############.#
#...########
...)..........#
#...#
###############
#####


You could see an orc priest.

Vanquished Creatures
  An orc wizard (D:4)
  An orc priest (D:3)
  A giant frog skeleton (D:4)
  An iguana (D:4)
  5 adders
  A worm (D:2)
  2 dart slugs
  3 giant geckos
  9 orcs
  A ball python (D:2)
  6 bats
  3 giant cockroaches
  2 goblins (D:2)
  4 hobgoblins
  6 jackals
  2 quokkas
  4 giant newts
  2 kobolds
  7 rats
61 creatures vanquished.

Notes
Turn   | Place    | Note
--------------------------------------------------------------
     0 | D:1      | TuxedoFelix the Human Fighter began the quest for the Orb.
     0 | D:1      | Reached XP level 1. HP: 18/18 MP: 1/1
   206 | D:1      | Reached XP level 2. HP: 24/24 MP: 2/2
   962 | D:2      | Reached XP level 3. HP: 25/29 MP: 3/3
  1191 | D:2      | Reached XP level 4. HP: 31/35 MP: 4/4
  2000 | D:3      | Reached skill level 1 in Dodging
  2011 | D:3      | Reached XP level 5. HP: 41/41 MP: 5/5
  2456 | D:4      | Reached skill level 4 in Shields
  2701 | D:4      | Noticed raikaria's ghost (novice VSAs)
  2711 | D:4      | Reached XP level 6. HP: 47/47 MP: 6/6
  2717 | D:4      | HP: 2/47 [raikaria's ghost (15)]
  2718 | D:4      | Gained mutation: You occasionally shout uncontrollably at your foes. [potion of mutation]
  2718 | D:4      | Gained mutation: You sometimes yell uncontrollably at your foes. [potion of mutation]
  2718 | D:4      | Gained mutation: You are partially covered in molten scales (AC +1). [potion of mutation]
  3232 | D:4      | HP: 1/48 [orc priest/divine providence (12)]
  3236 | D:4      | Killed from afar by an orc priest

Skill      XL: |  1  2  3  4  5 |
---------------+----------------+-----
Dodging        | 1 |  1.4
Axes           | 3 |  3.3
Shields        | 4 |  4.2
Fighting       | |  3.8
Armour         | |  3.9
Stealth        | |  0.4

Action                   |  1- 3 |  4- 6 || total
-------------------------+-------+-------++-------
Melee: War axe           |    76 |   145 ||   221
  Use: Scroll            |       |     5 ||     5
       Potion            |       |     3 ||     3
  Eat: Meat ration       |       |     2 ||     2
Armor: Scale mail        |    22 |       ||    22
       Chain mail        |    15 |   105 ||   120
Dodge: Dodged            |    28 |    37 ||    65
Block: Shield            |    42 |   102 ||   144
